 Dungeon Crawl Stone Soup version 0.31.0-11-ge490571c62 (webtiles) character file.

Game seed: 458587644561694415

118545 Esekla the Eclecticist (level 16, -4/71 HPs)
             Began as a Spriggan Necromancer on Jan 28, 2024.
             Was the Champion of Sif Muna.
             Slain by a spark wasp (25 damage)
             ... on level 2 of the Lair of Beasts on Jan 29, 2024.
             The game lasted 05:51:39 (40480 turns).

Esekla the Eclecticist (Spriggan Necromancer)      Turns: 40480, Time: 05:51:39

Health: -4/71      AC: 11    Str:  4    XL:     16   Next: 25%
Magic:  24/39      EV: 24    Int: 28    God:    Sif Muna [******]
Gold:   2626       SH:  0    Dex: 17    Spells: 8/52 levels left

rFire   + + .        v - +1 dagger (venom)
rCold   . . .        (no shield)
rNeg    . . .        T - +3 troll leather armour
rPois   +            D - +0 hat "Tagyemacs" {Regen+}
rElec   .            i - +0 cloak of the Eternal Void {rPois rF+ Int+2}
rCorr   .            (gloves unavailable)
SInv    +            (boots unavailable)
Will    ++...        l - amulet of faith
Stlth   +++++        x - ring "Vaddehuno" {rF+ Int+3}
HPRegen 1.91/turn    O - +4 ring of protection
MPRegen 0.26/turn

%: faith
@: fugue, radiating poison, very quick
A: very small, no large weapons, unfitting armour, see invisible, speed 3
a: Renounce Religion, Channel Magic, Forget Spell, Divine Exegesis


You were on level 2 of the Lair of Beasts.
You worshipped Sif Muna.
Sif Muna was exalted by your worship.
You visited 5 branches of the dungeon, and saw 24 of its levels.
You also visited: Ossuary, Bailey, Gauntlet and Ice Cave.

You collected 3582 gold pieces.
You spent 956 gold pieces at shops.

Inventory:

Hand Weapons
 a - a +0 falchion of freezing
 c - a +5 falchion
 f - a +4 scimitar of flaming
 r - a +1 demon trident of venom
 s - a +2 dagger of flaming
 v - a +1 dagger of venom (weapon)
 w - a +2 dagger of holy wrath
Missiles
 q - 46 poisoned darts
 M - 26 boomerangs (quivered)
 P - 4 curare-tipped darts
Armour
 i - the +0 cloak of the Eternal Void (worn) {rPois rF+ Int+2}
   (You found it in a Gauntlet)

   Int+2:     It affects your intelligence (+2).
   rF+:       It protects you from fire.
   rPois:     It protects you from poison
 u - a +2 robe of fire resistance
 D - the +0 hat "Tagyemacs" (worn) {Regen+}
   (You found it in a Gauntlet)

   Regen+:    It increases your rate of health regeneration.
 I - the scarf "Eharch" {repulsion, Harm Rampage Int+6 SInv}
   (You acquired it on level 2 of the Lair of Beasts)

   Int+6:     It affects your intelligence (+6).
   SInv:      It lets you see invisible.
   Harm:      It increases damage dealt and taken.
   Rampage:   It bestows one free step when moving towards enemies.
 T - a +3 troll leather armour (worn)
Magical Staves
 d - a staff of death
Jewellery
 e - a ring of protection from cold
 j - the ring of Kejep {Ice rN+ rCorr Int+3}
   (You took it off a minotaur in a Gauntlet)

   [ring of ice]

   Ice:       It enhances your ice magic.
   Int+3:     It affects your intelligence (+3).
   rF-:       It makes you vulnerable to fire.
   rC+:       It protects you from cold.
   rN+:       It protects you from negative energy.
   rCorr:     It protects you from acid and corrosion.
 l - an amulet of faith (around neck)
 x - the ring "Vaddehuno" (left hand) {rF+ Int+3}
   (You took it off a gnoll on level 5 of the Dungeon)

   [ring of protection from fire]

   Int+3:     It affects your intelligence (+3).
   rF+:       It protects you from fire.
 J - an amulet of magic regeneration
 K - a ring of protection from fire
 O - a +4 ring of protection (right hand)
 R - a ring of fire
 V - an amulet of reflection
Wands
 m - a wand of quicksilver (12)
 z - a wand of flame (22)
 A - a wand of digging (17)
 U - a wand of iceblast (3)
Scrolls
 h - 7 scrolls of revelation
 n - 6 scrolls of poison
 p - a scroll of amnesia
 y - 4 scrolls of fog
 F - 3 scrolls of identify
 G - 3 scrolls of enchant weapon
 H - 2 scrolls of blinking
 W - 8 scrolls of teleportation
Potions
 b - 5 potions of magic
 k - 3 potions of berserk rage
 o - a potion of ambrosia
 t - 5 potions of attraction
 B - a potion of curing
 C - a potion of resistance
 E - a potion of haste
 L - 2 potions of enlightenment
 N - 4 potions of might
 Q - a potion of cancellation
 S - 5 potions of lignification


   Skills:
 + Level 2.4 Fighting
 + Level 6.1 Short Blades
 - Level 5.0 Throwing
 - Level 5.2 Armour
 * Level 13.2 Dodging
 + Level 11.0 Stealth
 * Level 18.8 Spellcasting
 + Level 5.4 Conjurations
 + Level 9.1 Necromancy
 + Level 7.1 Translocations
 + Level 5.2 Fire Magic
 + Level 6.3 Ice Magic
 * Level 8.0 Air Magic
 + Level 8.6 Alchemy
 + Level 2.0 Evocations


You had 8 spell levels left.
You knew the following spells:

 Your Spells              Type           Power      Damage    Failure   Level
b - Blink                 Tloc           100%       N/A       1%          2
c - Mephitic Cloud        Conj/Alch/Air  61%        N/A       1%          3
d - Vampiric Draining     Necr           67%        2d10      1%          3
h - Vhi's Electric Charg  Tloc/Air       100%       N/A       1%          4
i - Iskenderun's Mystic   Conj/Tloc      57%        2d12      1%          4
o - Scorch                Fire           100%       2d9       1%          2
p - Apportation           Tloc           100%       N/A       1%          1
r - Frozen Ramparts       Ice            100%       1d16      1%          3
u - Dispel Undead         Necr           67%        3d23      1%          4
v - Mercury Vapours       Alch/Air       100%       N/A       1%          2
w - Fugue of the Fallen   Necr           67%        N/A       1%          3
x - Olgreb's Toxic Radia  Alch           66%        N/A       1%          4
y - Sticky Flame          Fire/Alch      60%        2d10      1%          4
z - Freezing Cloud        Conj/Ice/Air   29%        6-21      4%          5

Your spell library contained the following spells:

 Spells                   Type           Power      Damage    Failure   Level
 Freeze                   Ice            100%       1d10      1%          1
 Kiss of Death            Conj/Necr      100%       2d13      1%          1
 Magic Dart               Conj           100%       1d8       1%          1
 Necrotise                Necr           100%       1d9       1%          1
 Shock                    Conj/Air       100%       1d9       1%          1
 Sting                    Conj/Alch      100%       1d9       1%          1
 Cigotuvi's Dreadful Rot  Necr/Alch/Air  100%       N/A       1%          2
 Ensorcelled Hibernation  Hex/Ice        88%        N/A       1%          2
 Searing Ray              Conj           100%       2d8       1%          2
 Static Discharge         Conj/Air       100%       3-8/arc   1%          2
 Sublimation of Blood     Necr           67%        N/A       1%          2
 Gell's Gravitas          Tloc           60%        N/A       1%          3
 Hailstorm                Conj/Ice       56%        3d11      1%          3
 Swiftness                Air            64%        N/A       1%          3
 Teleport Other           Tloc           60%        N/A       1%          3
 Volatile Blastmotes      Fire/Tloc      100%       2d18      1%          3
 Animate Dead             Necr           67%        N/A       1%          4
 Fulminant Prism          Conj/Alch      30%        3d16      1%          4
 Passage of Golubria      Tloc           60%        N/A       1%          4
 Curse of Agony           Necr           67%        N/A       1%          5
 Sandblast                Erth           52%        2d12      2%          1
 Dazzling Flash           Conj/Hex       82%        N/A       2%          3
 Inner Flame              Hex/Fire       41%        N/A       2%          3
 Stone Arrow              Conj/Erth      82%        3d12      2%          3
 Summon Ice Beast         Ice/Summ       44%        N/A       2%          3
 Flame Wave               Conj/Fire      54%        2d13      3%          4
 Jinxbite                 Hex            52%        N/A       4%          2
 Anguish                  Hex/Necr       25%        N/A       4%          4
 Leda's Liquefaction      Alch/Erth      25%        N/A       4%          4
 Martyr's Knell           Necr/Summ      51%        N/A       4%          4
 Petrify                  Alch/Erth      50%        N/A       4%          4
 Arcjolt                  Conj/Air       29%        1d39      4%          5
 Dimensional Bullseye     Hex/Tloc       23%        N/A       6%          4
 Call Canine Familiar     Summ           26%        N/A       9%          3
 Confusing Touch          Hex            26%        N/A       9%          3
 Passwall                 Erth           26%        N/A       9%          3
 Sigil of Binding         Hex            26%        N/A       9%          3
 Tukima's Dance           Hex            26%        N/A       9%          3
 Brom's Barrelling Bould  Conj/Erth      41%        2d6       9%          4
 Fireball                 Conj/Fire      27%        3d12      9%          5
 Death Channel            Necr           33%        N/A       10%         6
 Yara's Violent Unravell  Hex/Alch       25%        3d11      13%         5
 Silence                  Hex/Air        24%        N/A       14%         5
 Sculpt Simulacrum        Ice/Alch       31%        N/A       19%         6
 Metabolic Englaciation   Hex/Ice        22%        N/A       21%         5
 Dispersal                Tloc           30%        N/A       22%         6
 Cause Fear               Hex            13%        N/A       26%         4
 Conjure Ball Lightning   Conj/Air       29%        3x3d8     26%         6
 Plasma Beam              Fire/Air       29%        2x1d42    26%         6
 Starburst                Conj/Fire      27%        6d9       43%         6
 Haunt                    Necr/Summ      25%        N/A       98%         7
 Summon Cactus Giant      Summ           13%        N/A       99%         6
 Malign Gateway           Summ/Tloc      23%        N/A       99%         7
 Borgnjor's Revivificati  Necr           33%        N/A       99%         8
 Infestation              Necr           33%        N/A       99%         8
 Enfeeble                 Hex            13%        N/A       100%        7
 Ignition                 Fire           27%        3d9       100%        8
 Maxwell's Capacitive Co  Air            32%        ∞         100%        8
 Chain Lightning          Conj/Air       29%        3d39      100%        9
 Death's Door             Necr           33%        N/A       100%        9
 Dragon's Call            Summ           13%        N/A       100%        9


Dungeon Overview and Level Annotations

Branches:
Dungeon (15/15)            Temple (1/1) D:6            Lair (5/5) D:11
  Swamp (0/4) Lair:3       Spider (1/4) Lair:2        Slime (0/5) Lair:5
    Orc (2/2) D:11            Elf (0/3) Orc:2        Vaults (0/5) D:13
 Depths (0/4) D:15        Ossuary (visited)          Bailey (visited)
  IceCv (visited)         Gauntlet (visited)

Altars:
Ashenzari
Cheibriados
Dithmenos
Elyvilon
Fedhas
Gozag
Hepliaklqana
Kikubaaqudgha
Makhleb
Nemelex Xobeh
Okawaru
Qazlal
Ru
Sif Muna
Trog
Uskayaw
Vehumet
Wu Jian
Xom
Yredelemnul
Zin
The Shining One
Jiyva
Lugonu

Shops:
D:4 [   D:5 :   Orc:2 =*[(

Portals:
Abyss: D:7

Annotations:
D:5 3 runed translucent doors, Daunt's ghost, amateur VSFi
D:7 2 runed translucent doors
D:10 Gastronok
D:13 simulcrum
Lair:5 exclusion: orange crystal statue
Orc:2 1 runed translucent door, thirtiethelement's ghost, journeyman DsBe


Innate Abilities, Weirdness & Mutations

You are very small and have problems with some larger weapons.
You are too small for most types of armour.
You have supernaturally acute eyesight. (SInv)
You cover ground extremely quickly. (Speed+++)


Message History

The redback is engulfed in noxious fumes.
The redback appears confused.
The redback falls into the water!
The redback drowns.
Sif Muna accepts your kill.
Casting: Blink (safe; 1% risk of failure)
Confirm with . or Enter, or press ? or * to list all spells.
Aiming: Mephitic Cloud (safe; 1% risk of failure)
Press: ? - help, Shift-Dir - straight line The ball explodes into a vile cloud!
The stinking cloud engulfs the spark wasp.
You feel ready to blink again.
The redback is engulfed in noxious fumes.
The spark wasp is engulfed in noxious fumes.
The radroach falls into the water!
The radroach drowns.
Sif Muna accepts your kill.
The redback is engulfed in noxious fumes.
The redback appears confused.
The spark wasp is engulfed in noxious fumes.
Casting: Mephitic Cloud (safe; 1% risk of failure)
Confirm with . or Enter, or press ? or * to list all spells.
You begin to radiate toxic energy.
The spark wasp is poisoned.
The redback is poisoned.
The jumping spider is poisoned.
The jumping spider looks even sicker.
The redback is engulfed in noxious fumes.
The spark wasp is engulfed in noxious fumes.
Casting: Olgreb's Toxic Radiance (dangerous; 1% risk of failure)
Confirm with . or Enter, or press ? or * to list all spells.
Aiming: Mephitic Cloud (safe; 1% risk of failure)
Press: ? - help, Shift-Dir - straight line The ball explodes into a vile cloud!
The stinking cloud engulfs the spark wasp.
The spark wasp is lightly wounded.
The stinking cloud engulfs you.
The spark wasp looks even sicker.
The redback looks even sicker.
The redback is engulfed in noxious fumes.
The redback appears confused.
The spark wasp is engulfed in noxious fumes.
The spark wasp stings you!!
You die...

....# #.####...........# ...##
#...............## ....#
#................# ...## ###
####.............### ...##
#.##########.............#
....####..#^..^^#.##.......##....
...#.#P..#....##..^#.[......###.#
............^##.#..s........###.#
....P.....#..^.§@§#........#.....
..[####...#^#...y§##............#
...# ##.###.##☼§§☼#^#...........#
...# #...##..≈§§°..##...<...#####
#### ######.≈≈§○☼.#####.#.###
#..≈..§≈^# ##### ##.+s§§+^#
###☼#°### #####


You could see a spark wasp (very poisoned), a jumping spider (very poisoned) and
a redback (confused, very poisoned).

Vanquished Creatures
  Nikola (Lair:2)
  Rupert (Lair:3)
  2 azure jellies (Lair:5)
  2 orc warlords
  A very ugly thing (D:15)
  A quicksilver ooze (Lair:5)
  A dire elephant (Lair:5)
  A minotaur (Gauntlet)
  Snorg (Lair:4)
  A green death (Gauntlet)
  A great orb of eyes (Lair:5)
  A rakshasa (D:15)
  A hell beast (Gauntlet)
  2 jorogumos (Lair:2)
  6 hydras
  Harold (Lair:2)
  4 centaur warriors
  A radroach (Lair:2)
  2 catoblepae (Lair:5)
  3 two-headed ogres
  3 death yaks (Lair:5)
  7 boulder beetles
  A tengu warrior (D:14)
  Urug (D:11)
  6 orc high priests
  2 demonic crawlers (Lair:2)
  A skyshark (Lair:4)
  Sonja (Lair:5)
  Nergalle (D:10)
  An orb spider (Lair:2)
  A deep troll (D:15)
  2 spriggan druids (Lair:3)
  A glowing orange brain (D:15)
  An arcanist (D:13)
  A lindwurm (Lair:4)
  5 orc knights
  A necromancer (D:13)
  A shining eye (shapeshifter) (D:15)
  8 wolf spiders (Lair:2)
  5 manticores
  6 ugly things
  6 orc sorcerers
  5 cyclopes
  9 elephants
  Joseph (D:8)
  7 black mambas
  A torpor snail (Spider:1)
  15 cane toads
  Maggie (D:7)
  2 ice statues (IceCv)
  3 rime drakes
  An efreet (D:15)
  12 komodo dragons
  3 kobold demonologists
  A freezing wraith (IceCv)
  5 ice devils (IceCv)
  4 polar bears
  2 hornets
  11 trolls
  2 tarantellas (Lair:2)
  A raiju (shapeshifter) (D:15)
  23 blink frogs
  A tarantella (shapeshifter) (D:15)
  13 dream sheep (Lair:5)
  26 slime creatures
  7 jumping spiders
  2 shadows
  A water elemental (D:12)
  2 culicivoras
  73 yaks
  2 wraiths
  8 wyverns
  3 basilisks
  4 fire bats (Lair:2)
  A warg (D:15)
  A steam dragon (D:7)
  5 redbacks (Lair:2)
  A harpy simulacrum (IceCv)
  Menkaure (D:7)
  2 vampire mosquitoes (D:14)
  A hydra simulacrum (IceCv)
  2 hell hounds (Gauntlet)
  A sky beast (D:8)
  10 water moccasins
  4 ice beasts
  An ice beast (shapeshifter) (D:14)
  7 black bears
  2 laughing skulls (D:13)
  41 orc warriors
  5 ogres
  6 wolves
  6 centaurs
  A phantom (D:5)
  5 kobold brigands
  16 bullfrogs
  6 two-headed ogre simulacra (IceCv)
  2 cane toad simulacra (IceCv)
  3 scorpions (D:4)
  4 water moccasin zombies (Ossuary)
  A burial acolyte (Ossuary)
  13 wights
  3 elephant simulacra (IceCv)
  23 killer bees
  7 electric eels
  3 bombardier beetles
  7 howler monkeys
  3 lava snakes (Lair:5)
  A spectral scorpion (Ossuary)
  3 hounds
  13 orc priests
  A gnoll bouda (D:10)
  17 jellies
  Crazy Yiuf (D:2)
  5 iguanas
  26 orc wizards
  2 spriggan simulacra (IceCv)
  A polar bear simulacrum (IceCv)
  3 troll simulacra (IceCv)
  2 crocodile zombies (Ossuary)
  2 mummies (Ossuary)
  7 gnolls
  10 adders
  2 shadow imps
  A white imp (IceCv)
  7 ufetubi
  4 adder zombies (Ossuary)
  2 dart slugs
  3 ribbon worms
  69 orcs
  8 ball pythons
  2 bats (D:1)
  9 endoplasms
  3 giant cockroaches
  11 gnoll zombies (Ossuary)
  11 hobgoblins
  6 jackals
  33 kobolds
  4 quokkas (D:2)
  10 frilled lizards
  13 goblins
  An orc zombie (Ossuary)
  5 rats (D:2)
839 creatures vanquished.

Vanquished Creatures (others)
  An arcanist (D:13)
  A moth of wrath (Spider:1)
  A torpor snail (Spider:1)
  A tarantella (Spider:1)
  A culicivora (Spider:1)
  A jumping spider (Spider:1)
6 creatures vanquished.

Grand Total: 845 creatures vanquished

Notes
Turn   | Place    | Note
-------+----------+-------------------------------------------
     0 | D:1      | Esekla the Spriggan Necromancer began the quest for the
                  | Orb.
     0 | D:1      | Reached XP level 1. HP: 9/9 MP: 5/5
   180 | D:1      | You fall into a shaft and drop 1 floor!
   305 | D:1      | Reached XP level 2. HP: 13/13 MP: 6/6
   602 | D:1      | Found a faded altar of an unknown god.
   945 | D:1      | Reached XP level 3. HP: 16/16 MP: 8/8
   949 | D:1      | Learned a level 3 spell: Vampiric Draining
  1503 | D:2      | Reached skill level 3 in Spellcasting
  1611 | D:2      | Reached skill level 1 in Short Blades
  1734 | D:2      | Reached XP level 4. HP: 21/21 MP: 9/9
  1752 | D:2      | Identified the +0 chain mail of the Foremost Youths {Will++
                  | Int-5 SInv}
  1831 | D:2      | Found a runed translucent door.
  1832 | D:2      | Noticed Crazy Yiuf
  2542 | D:2      | Killed Crazy Yiuf
  2543 | D:2      | Reached XP level 5. HP: 11/24 MP: 7/11
  3417 | D:4      | Reached skill level 5 in Stealth
  3417 | D:4      | Reached XP level 6. HP: 29/29 MP: 12/12
  3442 | D:4      | Found Gamy's Antique Armour Boutique.
  3450 | D:4      | Bought an embroidered robe for 88 gold pieces
  3483 | D:4      | Found a glowing golden altar of the Shining One.
  3483 | D:4      | Found a sparkling altar of Nemelex Xobeh.
  3665 | D:4      | Found a white marble altar of Elyvilon.
  3713 | D:4      | Reached skill level 5 in Dodging
  3713 | D:4      | Reached skill level 4 in Spellcasting
  3997 | D:4      | Reached skill level 1 in Ice Magic
  3997 | D:4      | Reached XP level 7. HP: 26/32 MP: 10/14
  4052 | D:4      | Learned a level 2 spell: Scorch
  4252 | D:5      | Entered Level 5 of the Dungeon
  4252 | D:5      | Found a runed translucent gate.
  4252 | D:5      | Found a runed translucent gate.
  4252 | D:5      | Found a runed translucent gate.
  4331 | D:5      | Noticed Daunt's ghost (amateur VSFi)
  4471 | D:5      | Found an ancient bone altar of Kikubaaqudgha.
  4638 | D:6      | Found a staircase to the Ecumenical Temple.
  4661 | Temple   | Entered the Ecumenical Temple
  4952 | D:5      | Identified the ring "Vaddehuno" {rF+ Int+3}
  4965 | D:5      | Reached skill level 1 in Fighting
  5055 | D:5      | Reached skill level 1 in Fire Magic
  5139 | D:5      | Found Jaturont's Book Shoppe.
  5229 | D:5      | Learned a level 3 spell: Frozen Ramparts
  5335 | D:6      | Noticed a shadow
  5349 | D:5      | Reached skill level 5 in Spellcasting
  5440 | D:5      | Reached skill level 5 in Necromancy
  5974 | D:6      | Reached XP level 8. HP: 37/37 MP: 16/16
  5982 | D:6      | Identified the +2 mace "Juoplusuo" {freeze, Dex+3}
  6639 | D:6      | Reached skill level 1 in Throwing
  6929 | Temple   | Became a worshipper of Sif Muna the Loreminder
  6973 | D:6      | Reached skill level 6 in Spellcasting
  7183 | D:7      | Found a large runed translucent door.
  7183 | D:7      | Found a large runed translucent door.
  7201 | D:7      | Found a corrupted altar of Lugonu.
  7385 | D:7      | Reached XP level 9. HP: 41/41 MP: 16/19
  7460 | D:7      | Noticed Menkaure
  7469 | D:7      | Killed Menkaure
  7492 | D:7      | Found a sand-covered staircase.
  7523 | Ossuary  | Entered an ossuary
  7610 | Ossuary  | Reached skill level 7 in Spellcasting
  7750 | Ossuary  | Reached * piety under Sif Muna
  8306 | D:5      | Bought a book of Touch for 308 gold pieces
  8311 | D:5      | Learned a level 4 spell: Dispel Undead
  8400 | D:7      | Found a one-way gate to the infinite horrors of the Abyss.
  8727 | D:7      | Noticed Maggie
  8974 | D:7      | Killed Maggie
  8975 | D:7      | Reached skill level 8 in Spellcasting
  9610 | D:8      | Noticed Joseph
  9619 | D:8      | Reached ** piety under Sif Muna
  9633 | D:8      | Reached skill level 1 in Evocations
  9719 | D:8      | Identified the +8 great mace "Kamen" {freeze, *Corrode
                  | rPois Str+4}
  9854 | D:8      | Reached XP level 10. HP: 44/45 MP: 20/23
 10059 | D:8      | Killed Joseph
 10536 | D:8      | Reached skill level 9 in Spellcasting
 10686 | D:8      | Found a hide-covered altar of Uskayaw.
 11146 | D:9      | Reached skill level 1 in Alchemy
 11171 | D:9      | Reached skill level 1 in Air Magic
 11307 | D:9      | Reached skill level 1 in Conjurations
 11317 | D:9      | Got the Elucidation of the Impact
 11430 | D:9      | Reached *** piety under Sif Muna
 11618 | D:9      | Found a flagged portal.
 11675 | Bailey   | Entered a bailey
 11680 | Bailey   | Noticed an orc warlord
 12127 | Bailey   | Found a runed translucent gate.
 12245 | Bailey   | Found a runed translucent gate.
 12247 | Bailey   | Found a runed translucent gate.
 12421 | Bailey   | Killed an orc warlord
 12422 | Bailey   | Reached skill level 10 in Spellcasting
 12422 | Bailey   | Reached XP level 11. HP: 50/50 MP: 24/26
 12591 | D:9      | Learned a level 4 spell: Vhi's Electric Charge
 12624 | D:9      | Reached **** piety under Sif Muna
 12683 | D:9      | Reached skill level 5 in Short Blades
 12957 | D:10     | Entered Level 10 of the Dungeon
 12960 | D:10     | Noticed Nergalle
 13215 | D:10     | Noticed Gastronok
 13250 | D:10     | Found a broken altar of Ashenzari.
 13254 | D:10     | Found a glowing silver altar of Zin.
 13260 | D:10     | Found an opulent altar of Gozag.
 13263 | D:10     | Found a snail-covered altar of Cheibriados.
 13265 | D:10     | Found a shimmering altar of Xom.
 13270 | D:10     | Found an ornate altar of the Wu Jian Council.
 13334 | D:10     | Found a radiant altar of Vehumet.
 13458 | D:9      | Learned a level 4 spell: Olgreb's Toxic Radiance
 13461 | D:9      | Learned a level 2 spell: Mercury Vapours
 13821 | D:11     | Noticed Urug
 14179 | D:11     | Found a frozen archway.
 14229 | IceCv    | Entered an ice cave
 14423 | IceCv    | Reached ***** piety under Sif Muna
 15257 | IceCv    | Reached skill level 11 in Spellcasting
 15640 | IceCv    | Received a gift from Sif Muna
 15641 | IceCv    | Got Cigotuvi's Catalogue of Sciomancy {god gift}
 15655 | IceCv    | Learned a level 3 spell: Fugue of the Fallen
 15990 | IceCv    | Learned a level 4 spell: Flame Wave
 16085 | IceCv    | Noticed a reaper
 18451 | D:11     | Reached XP level 12. HP: 49/54 MP: 3/28
 18452 | D:11     | Reached skill level 5 in Translocations
 18616 | D:11     | Found a staircase to the Orcish Mines.
 19170 | D:11     | Noticed a two-headed ogre
 19209 | D:11     | Killed a two-headed ogre
 19265 | D:11     | Found a staircase to the Lair.
 19417 | D:12     | Reached skill level 5 in Alchemy
 19548 | D:12     | Reached skill level 5 in Ice Magic
 20310 | D:12     | Noticed a boulder beetle
 20327 | D:12     | Killed a boulder beetle
 20328 | D:12     | Reached skill level 12 in Spellcasting
 21781 | Lair:1   | Entered Level 1 of the Lair of Beasts
 22855 | Orc:1    | Entered Level 1 of the Orcish Mines
 23073 | Orc:1    | Noticed an orc high priest
 23267 | D:11     | Killed an orc high priest
 23375 | Orc:1    | Reached skill level 1 in Armour
 23695 | D:5      | Bought a book of the Senses for 560 gold pieces
 23699 | D:5      | Learned a level 3 spell: Mephitic Cloud
 23810 | D:10     | Killed Nergalle
 24009 | Orc:1    | Found an iron altar of Okawaru.
 24024 | Orc:1    | Reached XP level 13. HP: 35/58 MP: 2/30
 24456 | D:11     | Killed Urug
 24585 | Lair:2   | Found a broken altar of Ashenzari.
 24742 | Lair:2   | Reached skill level 10 in Dodging
 24902 | Lair:2   | Found a hole to the Spider Nest.
 24946 | Lair:2   | Reached skill level 13 in Spellcasting
 25129 | Lair:2   | Learned a level 4 spell: Sticky Flame
 25346 | Lair:2   | Noticed Harold
 25922 | Lair:2   | Reached skill level 5 in Air Magic
 25968 | Lair:2   | Received a gift from Sif Muna
 25969 | Lair:2   | Got Sif Muna's Codex of Injury {god gift}
 25981 | Lair:2   | Learned a level 5 spell: Freezing Cloud
 26153 | Lair:2   | Killed Harold
 26675 | Lair:3   | Noticed Rupert
 26866 | Lair:3   | Killed Rupert
 26896 | Lair:3   | Reached skill level 5 in Fire Magic
 27290 | Lair:3   | Reached skill level 14 in Spellcasting
 28283 | Lair:3   | Found a staircase to the Swamp.
 28438 | Lair:4   | Reached XP level 14. HP: 59/63 MP: 22/33
 28751 | Lair:4   | Noticed Snorg
 28889 | Lair:4   | Killed Snorg
 28991 | Lair:4   | Reached skill level 5 in Conjurations
 28994 | Lair:4   | Received a gift from Sif Muna
 29780 | Lair:5   | Entered Level 5 of the Lair of Beasts
 29786 | Lair:4   | Reached skill level 15 in Spellcasting
 30511 | Lair:5   | Noticed Sonja
 30517 | Lair:5   | Killed Sonja
 30790 | Lair:5   | Received a gift from Sif Muna
 30791 | Lair:5   | Got Sif Muna's Elucidation of Angles and Spectres {god
                  | gift}
 30794 | Lair:5   | Learned a level 1 spell: Apportation
 30797 | Lair:5   | Learned a level 2 spell: Blink
 30987 | Lair:5   | Noticed a quicksilver ooze
 30987 | Lair:5   | Noticed an azure jelly
 30987 | Lair:5   | Noticed an azure jelly
 31142 | Lair:5   | Reached skill level 10 in Stealth
 31698 | Lair:5   | Noticed an azure jelly
 31706 | Lair:5   | Killed a quicksilver ooze
 31707 | Lair:5   | Reached skill level 16 in Spellcasting
 31729 | Lair:5   | Killed an azure jelly
 31743 | Lair:5   | Killed an azure jelly
 31867 | Lair:5   | Found a viscous altar of Jiyva.
 32127 | Lair:5   | Learned a level 4 spell: Iskenderun's Mystic Blast
 32222 | Lair:5   | HP: 3/63 [azure jelly (8)]
 32458 | Lair:5   | Found a viscous altar of Jiyva.
 32458 | Lair:5   | Found a staircase to the Slime Pits.
 32469 | Lair:5   | Reached XP level 15. HP: 66/66 MP: 33/36
 32895 | Lair:5   | Received a gift from Sif Muna
 32896 | Lair:5   | Got Sif Muna's Spellbook of Conjuration and the Winter {god
                  | gift}
 33019 | Orc:2    | Entered Level 2 of the Orcish Mines
 33155 | Orc:2    | Found a runed translucent door.
 33158 | Orc:2    | Noticed thirtiethelement's ghost (journeyman DsBe)
 33170 | Orc:2    | Found a staircase to the Elven Halls.
 33280 | Orc:2    | Reached ****** piety under Sif Muna
 33598 | Orc:2    | Reached skill level 5 in Armour
 33827 | Orc:2    | Received a gift from Sif Muna
 34554 | Orc:2    | Found Uxarphoo's Antique Armour Shoppe.
 34567 | Orc:2    | Found Mytteduwn's Antique Weapon Shoppe.
 34569 | Orc:2    | Found Juysup's General Store.
 34569 | Orc:2    | Found Ciluh's Jewellery Emporium.
 34921 | D:13     | Reached skill level 17 in Spellcasting
 35902 | D:13     | Received a gift from Sif Muna
 35903 | D:13     | Got Cepycu Moam's Writings on the Mutagenic Jaunt {god
                  | gift}
 36089 | D:13     | Found a gate to the Vaults.
 36317 | D:14     | Identified the ring of the Baleful Lychee {^Drain rPois
                  | Will+ SInv}
 36339 | D:14     | Found a gate leading to a gauntlet.
 36354 | Gauntlet | Entered a Gauntlet
 36354 | Gauntlet | Found a transporter.
 36354 | Gauntlet | Found a transporter.
 36356 | Gauntlet | Found a transporter.
 36358 | Gauntlet | Found a transporter.
 36411 | Gauntlet | Found a transporter.
 36428 | Gauntlet | Found a transporter.
 36434 | Gauntlet | Found a transporter.
 36445 | Gauntlet | Found a transporter.
 36462 | Gauntlet | Found a transporter.
 36477 | Gauntlet | Found a transporter.
 36491 | Gauntlet | Found a transporter.
 36520 | Gauntlet | Found a transporter.
 36669 | Gauntlet | Identified the +0 cloak of the Eternal Void {rPois rF+
                  | Int+2}
 36790 | Gauntlet | Identified the +0 hat "Tagyemacs" {Regen+}
 36823 | Gauntlet | Identified the ring of Kejep {Ice rN+ rCorr Int+3}
 36836 | Gauntlet | Identified the +0 robe of Disappointment {rN+}
 36852 | Gauntlet | Got the Precepts of Flammable Toxicants
 37094 | D:14     | Found a broken altar of Ashenzari.
 37506 | D:15     | Entered Level 15 of the Dungeon
 37591 | D:15     | Found a blossoming altar of Fedhas.
 38507 | D:15     | Reached skill level 18 in Spellcasting
 38700 | D:15     | Received a gift from Sif Muna
 38701 | D:15     | Reached skill level 5 in Throwing
 38701 | D:15     | Got Sif Muna's Codex of Shocking Death {god gift}
 38731 | D:15     | Found a staircase to the Depths.
 39266 | Spider:1 | Entered Level 1 of the Spider Nest
 39266 | Spider:1 | Noticed Nikola
 39271 | Spider:1 | Reached XP level 16. HP: 51/71 MP: 25/39
 39363 | Lair:2   | Acquired 1115 gold pieces
 39365 | Lair:2   | Acquired the scarf "Eharch" {repulsion, Harm Rampage Int+6
                  | SInv}
 39471 | Lair:2   | Killed Nikola
 40475 | Lair:2   | HP: 3/71 [radroach (4)]
 40480 | Lair:2   | Slain by a spark wasp

Illustrated notes

Levels and vault maps discovered:
D:1:      shiori_arrival_oz, layout_basic, hellmonk_ecumenical_altar_blasted
D:2:      layout_rooms, lightli_corner_chamber, uniq_crazy_yiuf_cottage
D:3:      layout_basic
D:4:      layout_cave_pods, kennysheep_little_box,
          chequers_temple_overflow_statue_of_worship, serial_shops,
          nicolae_shop_tiny_glass, minmay_diced_spiral
D:5:      layout_rooms, nicolae_overflow_hidden_temple, serial_shops, shop,
          gammafunk_ghost_icy
D:6:      layout_basic, minmay_temple_entry_proselytizer
D:7:      due_chaos_kobolds, layout_loops_corners, enter_ossuary_5,
          minmay_crystal_water, serial_library_hellmonk_u_bend, uniq_maggie,
          uniq_menkaure
D:8:      layout_loops_ring, lemuel_doored_altar, ebering_dispersal_statue_hall,
          uniq_joseph
D:9:      layout_cave_pools, enter_bailey_2
D:10:     layout_rooms, nicolae_vehumet_altar_sigil,
          nicolae_overflow_hallway_of_the_gods, uniq_nergalle, uniq_gastronok
D:11:     layout_long_grid, grunt_lair_entry_orc_guard_hut, orc_0_dummy,
          portal_ice_cave_entry_pillars_2, uniq_urug
D:12:     layout_basic, grunt_decor_mini_mirrors
D:13:     layout_irregular_city, david_vaults_1
D:14:     layout_roguey, ashenzari_conservatory_becter, gauntlet_entry_generic
D:15:     gammafunk_enter_depths_forms, layout_irregular_city, fedhas_altar_1
Temple:   dpeg_chambers_temple
Lair:1:   layout_hall_layers
Lair:2:   layout_gridlike, nicolae_spider_entry_orb_guardian, basic_altar,
          beast_lair_carwin_10, uniq_harold
Lair:3:   layout_loops_ring, mainiacjoe_swamp_entry_angry_trees,
          eino_small_chamber_without_monster, lemuel_fruit_tree,
          infiniplex_staircase_pool_2, grunt_megastairs_2, uniq_rupert
Lair:4:   layout_cave_pods, uniq_snorg
Lair:5:   hangedman_lair_in_review, layout_small_grid,
          dpeg_slime_entry_enclosed, special_room [special_room_jelly],
          disabler_island, uniq_sonja
Spider:1: layout_spider_delve, uniq_nikola
Orc:1:    layout_caves, basic_altar, okawaru_metal_pillars_1_2
Orc:2:    st_orc_congregation, layout_diamond_mine,
          hellmonk_ghost_happy_afterlife

Skill      XL: |  1  2  3  4  5  6  7  8  9 10 11 12 13 14 15 16 |
---------------+-------------------------------------------------+-----
Dodging        | 3 4 5 6 7 8 9 10 11 12 13 | 13.2
Necromancy     | 4 5 6 7 8 9 |  9.1
Spellcasting   | 3 4 5 6 8 10 11 12 14 16 18 | 18.8
Short Blades   | 1 2 3 4 5 6 |  6.1
Stealth        | 4 5 6 7 8 9 10 11 | 11.0
Ice Magic      | 1 2 3 4 5 6 |  6.3
Fighting       | 1 2 |  2.4
Fire Magic     | 1 2 4 5 |  5.2
Throwing       | 1 2 3 4 5 |  5.0
Evocations     | 1 2 |  2.0
Alchemy        | 2 4 6 7 8 |  8.6
Air Magic      | 1 2 4 5 6 7 8 |  8.0
Conjurations   | 1 3 4 5 |  5.4
Translocations | 4 6 7 |  7.1
Armour         | 1 3 4 5 |  5.2

Action                     |  1- 3 |  4- 6 |  7- 9 | 10-12 | 13-15 | 16-18 || total
---------------------------+-------+-------+-------+-------+-------+-------++-------
  Melee: Mace              |    24 |       |       |       |       |       ||    24
         Dagger            |   111 |   115 |   276 |   417 |   496 |     3 ||  1418
         Punch             |     1 |     2 |     7 |     6 |    16 |       ||    32
  Throw: Stone             |     3 |       |       |       |       |       ||     3
         Dart              |       |     9 |    32 |    89 |    45 |       ||   175
         Boomerang         |       |       |       |   104 |    89 |     3 ||   196
   Cast: Vampiric Draining |     5 |     4 |    22 |    66 |    62 |     8 ||   167
         Scorch            |       |       |    87 |   124 |    22 |     6 ||   239
         Frozen Ramparts   |       |       |     3 |    77 |   100 |     3 ||   183
         Dispel Undead     |       |       |       |    10 |     5 |       ||    15
         Flame Wave        |       |       |       |    12 |       |       ||    12
         Olgreb's Toxic Ra |       |       |       |    32 |    80 |    10 ||   122
         Mercury Vapours   |       |       |       |     9 |    90 |     7 ||   106
         Vhi's Electric Ch |       |       |       |     2 |       |     1 ||     3
         Mephitic Cloud    |       |       |       |     2 |    47 |    12 ||    61
         Fugue of the Fall |       |       |       |     2 |    25 |     3 ||    30
         Freezing Cloud    |       |       |       |       |    35 |     1 ||    36
         Sticky Flame      |       |       |       |       |    18 |    10 ||    28
         Iskenderun's Myst |       |       |       |       |     7 |     6 ||    13
         Apportation       |       |       |       |       |    10 |       ||    10
         Blink             |       |       |       |       |     2 |     8 ||    10
  Evoke: Wand              |       |       |    17 |    23 |     4 |       ||    44
    Use: Scroll            |       |       |    11 |     9 |    18 |     4 ||    42
         Potion            |       |       |     1 |     6 |     7 |     6 ||    20
   Stab: Sleeping          |     6 |    12 |    21 |    12 |    28 |       ||    79
         Distracted        |       |     1 |     2 |     4 |     1 |       ||     8
         Confused          |       |       |       |       |    30 |     1 ||    31
         Petrified         |       |       |       |       |     1 |       ||     1
         Invisible         |       |       |       |       |     1 |       ||     1
 Armour: Robe              |    38 |    26 |    82 |       |       |       ||   146
         Steam dragon scal |       |       |    33 |   146 |       |       ||   179
         Troll leather arm |       |       |       |    54 |   239 |    88 ||   381
  Dodge: Dodged            |    86 |    78 |   226 |   419 |   453 |   176 ||  1438
